 Dungeon Crawl Stone Soup version 0.29.1 (webtiles) character file.

Game seed: 3922491989250329884

106 xian the Gusty (level 4, -1/24 HPs)
             Began as a Tengu Air Elementalist on Sept 15, 2022.
             Killed by their own static electricity (4 damage)
             ... on level 2 of the Dungeon.
             The game lasted 00:03:42 (2082 turns).

xian the Gusty (Tengu Air Elementalist)             Turns: 2082, Time: 00:03:43

Health: -1/24      AC:  2    Str:  8    XL:     4   Next: 84%
Magic:  7/9        EV: 12    Int: 18    God:
Gold:   115        SH:  0    Dex: 14    Spells: 6/9 levels left

rFire   . . .      SeeInvis .   m - +2 mace (vorpal)
rCold   . . .      Faith    .   (no shield)
rNeg    . . .      Spirit   .   a - +0 robe
rPois   .          Reflect  .   (helmet restricted)
rElec   .          Harm     .   (no cloak)
rCorr   .          Rampage  .   (no gloves)
Will    .....                   (boots unavailable)
Stlth   ++........              (no amulet)
HPRegen 0.08/turn               (no ring)
MPRegen 0.11/turn               (no ring)

@: no status effects
A: beak, talons 3
a: no special abilities


You were on level 2 of the Dungeon.
You visited 1 branch of the dungeon, and saw 2 of its levels.

You collected 115 gold pieces.

Inventory:

Hand Weapons
 m - a +2 vorpal mace (weapon)
Armour
 a - a +0 robe (worn)
Jewellery
 e - a ring of protection from fire
Scrolls
 c - a scroll of immolation {unknown}
 d - a scroll of torment {unknown}
 g - a scroll of enchant weapon {unknown}
 i - a scroll of fear {unknown}
 j - a scroll of poison {unknown}
 k - 2 scrolls of identify {unknown}
 l - a scroll of vulnerability {unknown}
Potions
 b - a potion of magic
 h - a potion of curing {unknown}


   Skills:
 + Level 2.5 Dodging
 + Level 2.2 Stealth
 + Level 3.2 Spellcasting
 + Level 3.4 Conjurations
 + Level 4.6 Air Magic


You had 6 spell levels left.
You knew the following spells:

 Your Spells              Type           Power      Damage    Failure   Level
a - Shock                 Conj/Air       68%        1d7       3%          1
b - Static Discharge      Conj/Air       17%        3-6/arc   4%          2

Your spell library contained the following spells:

 Spells                   Type           Power      Damage    Failure   Level
 Swiftness                Air            19%        N/A       7%          3
 Airstrike                Air            9%         2d(2-18)  22%         4
 Scorch                   Fire           4%         2d5       24%         2
 Flame Wave               Conj/Fire      9%         2d6       61%         4
 Summon Cactus Giant      Summ           1%         N/A       100%        6


Dungeon Overview and Level Annotations

Branches:
Dungeon (2/15)

Altars:

Annotations:
D:2 1 runed translucent door, Crazy Yiuf


Innate Abilities, Weirdness & Mutations

You have a beak for a mouth.
You have claws for feet.


Message History

Natasha is struck by an arc of lightning!
Natasha is heavily wounded.
You are struck by an arc of lightning.
The lightning grounds out.
Natasha zaps a wand.
You turn into a filthy swine.
Your +2 vorpal mace melds into your body.
Your +0 robe melds into your body.
You can't do that in your present form.
Natasha casts a spell at you. The magic dart hits you!
Natasha growls.
Natasha mumbles some strange words.
Your transformation is almost over.
Natasha completely misses you.
You barely miss Natasha.
Natasha is moderately wounded.
Natasha claws you.
You closely miss Natasha.
Natasha is moderately wounded.
Natasha stares at you and mumbles some strange words.
The magic dart hits you!
* * * LOW HITPOINT WARNING * * *
You hit Natasha.
Natasha is moderately wounded.
Natasha casts a spell.
You feel less porcine.
Your +2 vorpal mace unmelds from your body.
Your +0 robe unmelds from your body.
Natasha closely misses you.
Casting: Static Discharge (safe; 4% risk of failure)
Confirm with . or Enter, or press ? or * to list all spells.
Natasha is struck by an arc of lightning.
Natasha is heavily wounded.
You are struck by an arc of lightning.
* * * LOW HITPOINT WARNING * * *
Natasha is struck by an arc of lightning!
You kill Natasha!
You feel Natasha's spirit has finally been put to rest.
The crimson imp disappears in a puff of smoke!
You are struck by an arc of lightning.
You die...

.#.#..5.# #.#
.#.###.## #.# #.# .
..#.# #.# #
#.###.#.#.# #.# #
#.##..#.#5#####.# #
#.#.....#.5...#.# ###
#.##..#.#####.#.# ..#
#.##..#.....ยง...#
#.###
#.##.....@/...###
#...####.##....#######
###....#.#............
# ####.#.#.#..########
# #...#.#..# #
###.#.#..# # #.#....#
# #...#.## # #.#.#...


There were no monsters in sight!

Vanquished Creatures
  Natasha (thrice) (D:2)
  An adder (D:2)
  A worm (D:2)
  A dart slug (D:1)
  5 ball pythons
  6 bats
  2 endoplasms
  2 giant cockroaches (D:1)
  6 goblins
  5 hobgoblins
  A quokka (D:1)
  2 frilled lizards (D:1)
  5 kobolds
  2 rats (D:1)
42 creatures vanquished.

Notes
Turn   | Place    | Note
-------+----------+-------------------------------------------
     0 | D:1      | xian the Tengu Air Elementalist began the quest for the
                  | Orb.
     0 | D:1      | Reached XP level 1. HP: 10/10 MP: 4/4
    98 | D:1      | Found a faded altar of an unknown god.
   162 | D:1      | Reached XP level 2. HP: 15/15 MP: 1/6
   702 | D:1      | Reached XP level 3. HP: 19/19 MP: 5/7
  1270 | D:2      | Learned a level 2 spell: Static Discharge
  1458 | D:2      | Noticed Natasha
  1468 | D:2      | Killed Natasha
  1469 | D:2      | Reached XP level 4. HP: 13/24 MP: 4/9
  1637 | D:2      | Found a runed translucent door.
  1638 | D:2      | Noticed Crazy Yiuf
  1860 | D:2      | Noticed Natasha
  1864 | D:2      | Killed Natasha
  2052 | D:2      | Noticed Natasha
  2082 | D:2      | Killed Natasha
  2082 | D:2      | Killed from afar by themself

Illustrated notes

Levels and vault maps discovered:
D:1:      lemuel_arrival_broad_hall, layout_rooms,
          shapermc_ecumenical_altar_pompeii
D:2:      layout_basic, uniq_crazy_yiuf_cottage, uniq_natasha

Skill      XL: |  1  2  3  4 |
---------------+-------------+-----
Conjurations   | 3 |  3.4
Spellcasting   | 3 |  3.2
Dodging        | |  2.5
Stealth        | |  2.2
Air Magic      | |  4.6

Action                   |  1- 3 |  4- 6 || total
-------------------------+-------+-------++-------
Melee: Unarmed           |     6 |     3 ||     9
       Dagger            |     4 |       ||     4
       Kick              |     2 |       ||     2
       Mace              |     1 |       ||     1
       Peck              |     1 |       ||     1
 Cast: Shock             |    72 |     6 ||    78
       Static Discharge  |     2 |     3 ||     5
Armor: Robe              |    11 |       ||    11
Dodge: Dodged            |    18 |     4 ||    22
